 Bloatcrawl 2 version 2.3.0-a0-108-gdc832c1 (webtiles) character file.

Game seed: 11499339579169316965, levelgen mode: deterministic

158 Someone4956 the Skirmisher (level 5, -3/46 (47) HPs)
             Began as a Gnoll Torpor Knight on Jan 19, 2020.
             Was a Priest of Cheibriados.
             Slain by an iguana (8 damage)
             ... on level 4 of the Dungeon.
             The game lasted 00:07:09 (2069 turns).

Someone4956 the Skirmisher (Gnoll Torpor Knight)    Turns: 2069, Time: 00:07:09

HP:   -3/46 (47)    AC: 12    Str: 25    XL:     5   Next: 39%
MP:   8/8           EV:  6    Int: 23    God:    Cheibriados [***...]
Gold: 233           SH:  9    Dex: 21    Spells: 6/6 levels left Game modifiers: Zombie

rFire    . . .     SeeInvis .   a - +0 hand axe
rCold    + . .     Gourm    .   n - +0 shield
rNeg     + + +     Faith    +   b - +0 plate armour {ponderous}
rPois    ∞         Spirit   .   (no helmet)
rElec    .         Reflect  .   (no cloak)
rCorr    .         Harm     .   (no gloves)
MR       .....                  (no boots)
Stlth    ..........             j - amulet of faith
HPRegen  0.15/turn              f - +4 ring of strength
MPRegen  0.11/turn              (no ring)

@: rotting, very slow
A: distributed training, unbreathing 1, negative energy resistance 3, torment
resistance 1, cold resistance 1, zombie 1, inhibited regeneration 1, fangs 1,
strong nose
a: Bend Time, Temporal Distortion, Renounce Religion


You were on level 4 of the Dungeon.
You worshipped Cheibriados.
Cheibriados was most pleased with you.
You were not hungry.

You visited 1 branch of the dungeon, and saw 4 of its levels.

You collected 233 gold pieces.

Inventory:

Hand Weapons
 a - a +0 hand axe (weapon)
 k - a +1 whip of freezing
Armour
 b - a +0 plate armour of ponderousness (worn)
 n - a +0 shield (worn)
Jewellery
 f - a +4 ring of strength (left hand)
 j - an amulet of faith (around neck)
 o - an uncursed amulet of the acrobat
Scrolls
 d - 2 scrolls of remove curse
 h - a scroll of enchant armour {unknown}
 l - a scroll of fear {unknown}
 m - a scroll of teleportation
Potions
 e - 3 potions of magic
 g - 2 potions of brilliance {unknown}
 i - 2 potions of degeneration {unknown}
 p - 3 potions of curing
 t - a potion of lignification
Comestibles
 c - 10 rations


   Skills:
 + Level 6.6 Fighting
 + Level 1.3 Short Blades
 + Level 1.3 Long Blades
 + Level 4.7 Axes
 + Level 1.3 Maces & Flails
 + Level 1.3 Polearms
 + Level 1.3 Staves
 + Level 1.3 Slings
 + Level 1.3 Bows
 + Level 1.3 Crossbows
 + Level 1.3 Throwing
 + Level 4.7 Armour
 + Level 2.8 Dodging
 + Level 1.3 Stealth
 + Level 1.3 Shields
 + Level 1.3 Unarmed Combat
 + Level 1.3 Spellcasting
 + Level 1.0 Conjurations
 + Level 1.0 Hexes
 + Level 1.0 Charms
 + Level 1.0 Summonings
 + Level 1.0 Necromancy
 + Level 1.0 Translocations
 + Level 1.0 Transmutations
 + Level 1.0 Fire Magic
 + Level 1.0 Ice Magic
 + Level 1.0 Air Magic
 + Level 1.0 Earth Magic
 + Level 1.0 Poison Magic
 + Level 4.7 Invocations
 + Level 1.3 Evocations


You had 6 spell levels left.
You didn't know any spells.
Your spell library was empty.

Dungeon Overview and Level Annotations

Branches:
Dungeon (4/15)
 Temple: D:4-7

Altars:
Ashenzari
Cheibriados
Fedhas
Nemelex Xobeh
Yredelemnul
The Shining One


Innate Abilities, Weirdness & Mutations

Your experience applies equally to all skills.
You are immune to poison.
You can survive without breathing.
You are immune to negative energy. (rN+++)
You are immune to unholy pain and torment.
Your flesh is cold resistant. (rC+)
You hunger for flesh and rot when hungry.
You do not regenerate when monsters are visible.
You have very sharp teeth.
Your uncanny sense of smell can sniff out nearby items.


Message History

You block the iguana's attack. You block something's attack.
You hit the iguana.
The iguana is heavily wounded.
The iguana barely misses you. You block something's attack.
You hit the iguana but do no damage. Your bite misses the iguana.
The iguana is heavily wounded.
The iguana bites you but does no damage.
Something hits you but does no damage.
The iguana bites you but does no damage.
You hit the iguana. Your bite misses the iguana.
The iguana is severely wounded.
An orc wizard appears from thin air!
Reactivating autopickup.
The orc wizard hits you but does no damage.
The iguana bites you but does no damage.
You hit the iguana but do no damage.
The iguana is severely wounded.
The orc wizard hits you but does no damage.
The iguana bites you!
You die...

................#.######.....#
..........#........##........#
...................##.##.....#
#####>..###...........##.....#
#...# #......#############
#...# #.........# #...#
###.##.##.# #... #.##.##.# #.
#@##....# # ∆
#l#####.##########
.o...........)....
...################ .....
.....# ∆ ..<.#.. #.##.###


You could see an iguana and an orc wizard.

Vanquished Creatures
  A hound (D:4)
  An orc wizard (D:4)
  2 adders
  2 oozes
  2 worms
  3 dart slugs
  7 orcs
  A ball python (D:1)
  8 bats
  2 giant cockroaches (D:1)
  7 goblins
  5 hobgoblins
  5 kobolds
  2 quokkas
  3 frilled lizards
  5 rats
56 creatures vanquished.

Notes
Turn   | Place    | Note
-------+----------+-------------------------------------------
     0 | D:1      | Someone4956 the Gnoll Torpor Knight began the quest for the
                  | Orb.
     0 | D:1      | Reached XP level 1. HP: 23/23 MP: 3/3
    85 | D:1      | Reached XP level 2. HP: 29/29 MP: 5/5
   345 | D:1      | Reached XP level 3. HP: 31/34 MP: 6/6
   512 | D:1      | Reached ** piety under Cheibriados
  1043 | D:2      | Reached XP level 4. HP: 38/41 MP: 7/7
  1085 | D:2      | Found a sparkling altar of Nemelex Xobeh.
  1087 | D:2      | Found a shattered altar of Ashenzari.
  1098 | D:2      | Found a blossoming altar of Fedhas.
  1276 | D:2      | Found a snail-covered altar of Cheibriados.
  1277 | D:2      | Found a glowing golden altar of the Shining One.
  1279 | D:2      | Found a basalt altar of Yredelemnul.
  1475 | D:3      | Reached skill level 1 in Short Blades
  1475 | D:3      | Reached skill level 1 in Long Blades
  1475 | D:3      | Reached skill level 1 in Maces & Flails
  1475 | D:3      | Reached skill level 1 in Polearms
  1475 | D:3      | Reached skill level 1 in Staves
  1475 | D:3      | Reached skill level 1 in Slings
  1475 | D:3      | Reached skill level 1 in Bows
  1475 | D:3      | Reached skill level 1 in Crossbows
  1475 | D:3      | Reached skill level 1 in Throwing
  1475 | D:3      | Reached skill level 1 in Stealth
  1475 | D:3      | Reached skill level 1 in Shields
  1475 | D:3      | Reached skill level 1 in Unarmed Combat
  1475 | D:3      | Reached skill level 1 in Spellcasting
  1475 | D:3      | Reached skill level 1 in Evocations
  1926 | D:4      | Reached *** piety under Cheibriados
  1939 | D:4      | Reached XP level 5. HP: 29/47 MP: 8/8
  2050 | D:4      | Reached skill level 1 in Conjurations
  2050 | D:4      | Reached skill level 1 in Hexes
  2050 | D:4      | Reached skill level 1 in Charms
  2050 | D:4      | Reached skill level 1 in Summonings
  2050 | D:4      | Reached skill level 1 in Necromancy
  2050 | D:4      | Reached skill level 1 in Translocations
  2050 | D:4      | Reached skill level 1 in Transmutations
  2050 | D:4      | Reached skill level 1 in Fire Magic
  2050 | D:4      | Reached skill level 1 in Ice Magic
  2050 | D:4      | Reached skill level 1 in Air Magic
  2050 | D:4      | Reached skill level 1 in Earth Magic
  2050 | D:4      | Reached skill level 1 in Poison Magic
  2069 | D:4      | Slain by an iguana

Levels and vault maps discovered:
D:1:      saegor_arrival_simple_d, layout_loops_corners, hex_large
D:2:      layout_rooms, minitemple
D:3:      layout_basic
D:4:      layout_loops_cross, first_ration

Skill      XL: |  1  2  3  4  5 |
---------------+----------------+-----
Short Blades   | 1 |  1.3
Long Blades    | 1 |  1.3
Maces & Flails | 1 |  1.3
Polearms       | 1 |  1.3
Staves         | 1 |  1.3
Slings         | 1 |  1.3
Bows           | 1 |  1.3
Crossbows      | 1 |  1.3
Throwing       | 1 |  1.3
Stealth        | 1 |  1.3
Shields        | 1 |  1.3
Unarmed Combat | 1 |  1.3
Spellcasting   | 1 |  1.3
Evocations     | 1 |  1.3
Conjurations   | 1 |  1.0
Hexes          | 1 |  1.0
Charms         | 1 |  1.0
Summonings     | 1 |  1.0
Necromancy     | 1 |  1.0
Translocations | 1 |  1.0
Transmutations | 1 |  1.0
Fire Magic     | 1 |  1.0
Ice Magic      | 1 |  1.0
Air Magic      | 1 |  1.0
Earth Magic    | 1 |  1.0
Poison Magic   | 1 |  1.0
Fighting       | |  6.6
Axes           | |  4.7
Armour         | |  4.7
Dodging        | |  2.8
Invocations    | |  4.7

Action                   |  1- 3 |  4- 6 || total
-------------------------+-------+-------++-------
Melee: Hand axe          |   128 |    98 ||   226
       Bite              |    22 |     6 ||    28
  Use: Scroll            |       |     9 ||     9
       Potion            |       |     4 ||     4
  Eat: Chunk             |     7 |     5 ||    12
Armor: Plate armour      |    98 |    87 ||   185
Dodge: Dodged            |    43 |    38 ||    81
Block: Buckler           |    12 |     8 ||    20
       Shield            |       |    45 ||    45

Table legend:
 A = Non-vault XP
 B = Vault XP
 C = Vault XP percentage of total XP
 D = Non-vault monster count
 E = Vault monster count
 F = Vault count percentage of total count
                 A         B        C        D         E       F
            +---------+---------+-------+---------+---------+-------
      Total |     226 |       0 |   0.0 |      56 |       0 |   0.0
            +---------+---------+-------+---------+---------+-------
        D:1 |      53 |       0 |   0.0 |      29 |       0 |   0.0
        D:2 |      38 |       0 |   0.0 |       9 |       0 |   0.0
        D:3 |      35 |       0 |   0.0 |      10 |       0 |   0.0
        D:4 |     100 |       0 |   0.0 |       8 |       0 |   0.0
            +---------+---------+-------+---------+---------+-------
